 Dungeon Crawl Stone Soup version 0.28-a0-514-g0d7ab7f379 (webtiles) character file.

Game seed: 14197439402268474917

15 avis the Insei (level 2, -2/19 HPs)
             Began as an Octopode Transmuter on Sept 22, 2021.
             Slain by an adder (3 damage)
             ... on level 1 of the Dungeon.
             The game lasted 00:04:27 (1343 turns).

avis the Insei (Octopode Transmuter)                Turns: 1343, Time: 00:04:27

Health: -2/19      AC:  1    Str:  9    XL:     2   Next: 50%
Magic:  5/5        EV: 13    Int: 15    God:
Gold:   33         SH:  0    Dex: 12    Spells: 4/5 levels left

rFire   . . .      SeeInvis .   a - +0 dagger
rCold   . . .      Faith    .   (no shield)
rNeg    . . .      Spirit   .   (helmet currently unavailable)
rPois   .          Reflect  .   (no amulet)
rElec   .          Harm     .   (no ring)
rCorr   .          Rampage  .   (no ring)
Will    .....                   (no ring)
Stlth   +++.......              (no ring)
HPRegen 0.06/turn               (no ring)
MPRegen 0.09/turn               (no ring)
                                (no ring)
                                (no ring)

@: appendages (expiring)
A: tentacle spike 3, almost no armour, amphibious, 8 rings, camouflage 1,
gelatinous body 1, (nimble swimmer 1), tentacles
a: End Transformation


You were on level 1 of the Dungeon.
One of your tentacles had grown a beastly spike.
You visited 1 branch of the dungeon, and saw 2 of its levels.

You collected 33 gold pieces.

Inventory:

Hand Weapons
 a - a +0 dagger (weapon)
 b - a +0 hunting sling
Missiles
 c - 13 sling bullets
 d - 27 bolts
 f - 5 stones
Potions
 e - a potion of haste {unknown}
 g - a potion of heal wounds {unknown}


   Skills:
 - Level 2.0 Fighting
 - Level 2.0 Dodging
 * Level 1.8 Stealth
 - Level 3.0 Unarmed Combat
 - Level 2.0 Spellcasting
 - Level 2.0 Transmutations


You had 4 spell levels left.
You knew the following spells:

 Your Spells              Type           Power      Damage    Failure   Level
a - Beastly Appendage     Tmut           14%        N/A       10%         1

Your spell library contained the following spells:

 Spells                   Type           Power      Damage    Failure   Level
 Wereblood                Tmut           7%         N/A       14%         2
 Spider Form              Tmut/Pois      2%         N/A       41%         3
 Ice Form                 Ice/Tmut       4%         N/A       82%         4


Dungeon Overview and Level Annotations

Branches:
Dungeon (2/15)

Altars:


Innate Abilities, Weirdness & Mutations

One of your tentacles has grown a beastly spike.
You cannot wear most types of armour.
You are amphibious.
You can wear up to eight rings at the same time.
Your skin changes colour to match your surroundings (Stealth+).
Your rubbery body absorbs attacks. (AC +1, EV +1)
((You are camouflaged near water. (Stealth+)))
You have tentacles for arms and can constrict up to eight enemies at once.


Message History

The adder closely misses you. x2
You hit the adder. Your grab misses the adder.
The adder is moderately wounded.
The adder closely misses you.
You hit the adder. Your grab misses the adder.
The adder is heavily wounded.
The adder bites you.
You barely miss the adder. Your grab misses the adder.
The adder is heavily wounded.
The adder misses you. The adder bites you.
You hit the adder. Your grab misses the adder.
Your tentacle spike misses the adder.
The adder is severely wounded.
An endoplasm comes into view.
The adder bites you.
You barely miss the adder.
The endoplasm quivers.
Your grab misses the adder.
Your tentacle spike misses the adder.
The adder is severely wounded.
The adder bites you.
You miss the adder. Your grab misses the adder.
The adder is severely wounded.
The adder closely misses you.
Your transformation is almost over.
The adder closely misses you. The adder misses you.
You climb upwards.
There is a stone staircase leading down here.
You hit the adder but do no damage. Your grab misses the adder.
Your tentacle spike misses the adder.
The adder is severely wounded.
The adder closely misses you.
You hit the adder but do no damage. Your grab misses the adder.
The adder is severely wounded.
The adder bites you.
You hit the adder. Your grab misses the adder.
The adder is almost dead.
The adder bites you.
* * * LOW HITPOINT WARNING * * *
The adder bites you.
You die...

##>## ##'###.#.#.#.#.# #.#
### ###..# #.#.#.#.#.# #.#
### ####...## #.#.#.#.#.# #.#
..#####....### #.#.#.#.#.#
#.# #...#...#### #...#.#...#
#.# ###...### #...#.##### #.#
####.############...#.# #.#
.............#...S..#.# #.#
###..#.#####.#.#@#..#.# #.#
#........# #.#.#....#.# #.#
########.# #.#.#.#..#.# #.#
.......#.###.#.#.#.##.# #.#
######.#.....#.#.#..#.# #.#
#.#######.#.##.#.########.#
##
#.#.......#....#.#........#
.#
###'#.############.#.########
.# #.....# #.#.#.#


You could see an adder.

Vanquished Creatures
  A ball python (D:1)
  A giant cockroach (D:1)
  A goblin (D:1)
  A hobgoblin (D:1)
  3 jackals (D:1)
  A frilled lizard (D:1)
  2 kobolds (D:1)
  4 rats (D:1)
14 creatures vanquished.

Notes
Turn   | Place    | Note
-------+----------+-------------------------------------------
     0 | D:1      | avis the Octopode Transmuter began the quest for the Orb.
     0 | D:1      | Reached XP level 1. HP: 13/13 MP: 3/3
   715 | D:1      | Reached XP level 2. HP: 16/19 MP: 5/5
   903 | D:1      | Reached skill level 1 in Stealth
  1343 | D:1      | Slain by an adder

Illustrated notes

Levels and vault maps discovered:
D:1:      minmay_arrival_split_and_join, layout_basic, minmay_close_crescents
D:2:      cheibrodos_helix_gallery, layout_basic, corner_web_ring

Skill      XL: |  1  2 |
---------------+-------+-----
Fighting       | 2 |  2.0
Stealth        | 1 |  1.8
Dodging        | |  2.0
Unarmed Combat | |  3.0
Spellcasting   | |  2.0
Transmutations | |  2.0

Action                   || total
-------------------------++-------
Melee: Unarmed           ||    16
       Constrict         ||     6
       Kick              ||     5
       Tentacles         ||     2
       Dagger            ||    12
 Fire: Hunting sling     ||    16
 Cast: Beastly Appendage ||     7
 Stab: Sleeping          ||     1
Armor: Skin              ||     3
Dodge: Dodged            ||    23

Table legend: (Time is in decaauts)
 A = Elapsed time spent in this place.
 B = Non-inter-level travel time spent in this place.
 C = Inter-level travel time spent in this place.
 D = Time resting spent in this place.
 E = Time spent auto-exploring this place.
 F = Levels seen in this place.
 G = Mean time per level.
                   A        B        C        D        E       F      G
               +--------+--------+--------+--------+--------+-----+--------+
         Total |   1341 |   1293 |     48 |    177 |    908 |   2 |  670.5 |
       Dungeon |   1341 |   1293 |     48 |    177 |    908 |   2 |  670.5 |
               +--------+--------+--------+--------+--------+-----+--------+

Top non-repeatable levels by time:
     D:1: 1328 daAuts
     D:2: 13 daAuts
